 BcadrenCrawl: Boulder Brew version 0.04.2-2-g535c4548b4 (webtiles) character file.

Game seed: 5924137387083864823, levelgen mode: deterministic

8946 diana the Fighter (level 10, 0/112 HPs) Golden Draconian Demigod. Began on Apr 24, 2021. Slain by an elephant (9 damage) ... on level 1 of the Lair of Beasts. The game lasted 00:20:38 (7902 turns).

diana the Fighter (Golden Draconian Demigod)        Turns: 7902, Time: 00:20:38

Health: 0/112      AC: 10    Str: 19    XL:     10 ^: 269
Magic:  0/20       EV: 16    Int: 19    God:
Gold:   430        SH:  0    Dex: 13    Spells: 19/20 levels left

rFire    + . .     Vision   .     - Unarmed
rCold    + . .     Gourm    .     - Unarmed
rNeg     . . .     Faith    .   (armour unavailable)
rPois    +         Spirit   +   (helmet restricted)
rElec    .         Reflect  .   c - +0 cloak
rCorr    .         Harm     .   t - +0 pair of gloves
MR       .....                  (no boots)
Stlth    +++.......             q - amulet of guardian spirit
HPRegen  0.47/turn              r - ring of stealth
MPRegen  0.30/turn              (no ring)

@: short of breath
A: no body armour, unfitting armour, high mp 1, cold-blooded, boosted long
blades aptitude, fire, ice and poison enhancers 1, rF+, rC+, rPois, AC +8
a: Breathe Fire, Breathe Frost, Breathe Noxious Fumes


You were on level 1 of the Lair of Beasts.
You were very hungry.

You visited 2 branches of the dungeon, and saw 7 of its levels.

You collected 430 gold pieces.

Inventory:

Armour
 c - a +0 cloak (worn)
 t - a +0 pair of gloves (worn)
Jewellery
 q - an amulet of guardian spirit (around neck)
 r - a ring of stealth (left hand)
Wands
 o - a wand of disintegration (1)
 p - a wand of hasting (2)
 s - a wand of polymorph (1)
 v - a wand of ensnaring (2)
 w - a wand of iceblast (6)
 x - a wand of clouds (6)
Scrolls
 d - 4 scrolls of enchantment
 e - 4 scrolls of bless item
 f - 3 scrolls of teleportation
 g - a scroll of fear
 j - 2 scrolls of blinking
 k - 5 scrolls of amnesia
 l - a scroll of fog
Potions
 a - 2 potions of curing
 h - a potion of heal wounds
 i - 2 potions of might
 m - a potion of magic
 n - a potion of invisibility
 u - a potion of brilliance
 z - a potion of ambrosia
Comestibles
 b - 18 rations


   Skills:
 * Level 14.2 Fighting
 + Level 7.8 Dodging
 - Level 1.3 Stealth
 - Level 1.7 Unarmed Combat
 - Level 5.9 Spellcasting
 - Level 2.4 Fire Magic


You had 19 spell levels left.
You knew the following spells:

 Your Spells              Type           Power        Failure   Level  Hunger
a - Flame Tongue          Fire           22 (30)      4%          1    None

Your spell library contained the following spells:

 Spells                   Type           Power        Failure   Level  Hunger
 Conjure Flame            Fire           22 (100)     13%         3    ##.....
 Blink                    Tloc           N/A          17%         2    None
 Call Imp                 Summ           5 (100)      17%         2    None
 Slow                     Hex            5 (100)      17%         2    None
 Mephitic Cloud           Pois/Air       8 (100)      34%         3    ##.....


Dungeon Overview and Level Annotations

Branches:
Dungeon (6/8)              Temple (0/1) D:4            Lair (1/6) D:5
    Orc: D:6

Annotations:
D:6 Erolcha


Innate Abilities, Weirdness & Mutations

You cannot fit into any form of body armour.
Your imposing gold scales are resilient. (AC +8)
You can breathe your choice of flames, frost or noxious fumes.
You have an increased reservoir of magic. (+10% MP)
You are cold-blooded and may be slowed by cold attacks.
You are naturally skilled at Long Blades (Aptitude +3).
You are in touch with the powers of fire, ice and venom.
Your imposing gold scales grant you resistance to fire, cold and poison. (rF+, rC+, rPois)


Message History

The elephant is heavily wounded. (32/72) HP You hit the elephant (3).
You hit the elephant (5).
The elephant is severely wounded. (24/72) HP You hit the elephant but do no damage.
You hit the elephant (5).
The elephant is severely wounded. (19/72) HP You hit the elephant (2).
You hit the elephant but do no damage.
The elephant is severely wounded. (17/72) HP You hit the elephant but do no damage.
You hit the elephant (4).
The elephant is almost dead. (13/72) HP You hit the elephant but do no damage. x2
The elephant is almost dead. (13/72) HP You catch the helpless elephant completely off-guard!
You hit the elephant but do no damage. You hit the elephant (2).
You tail-slap the elephant, but do no damage.
The elephant is almost dead. (11/72) HP The elephant tramples you (17)!
* * * LOW HITPOINT WARNING * * *
You stumble backwards!
You feel better. The elephant tramples you (10)!
You die...

.........####
.###....##
##.....###
##...<.÷..#
##...##....#
###...###÷%..#
#P...####....##
##..Y##
#P..Y..# #...P#
#P...@##
#.....###
##....# ##...#.
#....# #.?.. ##
#....# ...#.
#....# ..###
#....# .#
#....# # #.....
#.!...##


You could see an elephant (confused).

Vanquished Creatures
  3 elephants
  2 trolls
  Maggie (D:4)
  Prince Ribbit (D:5)
  A hippogriff (D:5)
  A wyvern (D:5)
  Menkaure (D:2)
  4 yaks (D:5)
  An acid dragon (D:5)
  A slime creature (D:5)
  Purgy (D:2)
  4 orc warriors
  2 scorpions
  2 porcupines
  5 phantoms
  2 ice beasts (D:5)
  4 black bears
  A sky beast (D:5)
  Ijyb (D:3)
  4 ogres
  2 crocodiles
  9 bullfrogs
  3 big kobolds
  A centaur (D:5)
  9 howler monkeys
  5 killer bees (D:5)
  4 wights
  3 hounds
  9 jellies
  3 crimson imps (D:4)
  6 orc priests
  7 orc wizards
  2 iguanas
  7 worker ants
  5 giant cockroaches
  A bullfrog zombie (D:6)
  A porcupine skeleton (D:3)
  5 bullfrog skeletons
  8 gnolls
  11 adders
  11 sewer rats (D:2)
  3 white imps (D:4)
  4 cinder newts (D:2)
  A worm (D:2)
  A hound zombie (D:3)
  A worker ant zombie (D:5)
  A hound skeleton (D:3)
  10 oozes
  A dart slug (D:1)
  6 leopard geckos
  25 orcs
  2 adder skeletons
  7 goblins (D:1)
  6 hobgoblins (D:1)
  6 jackals (D:5)
  4 quokkas
  5 bats
  A jackal skeleton (D:2)
  16 kobolds
  A quokka skeleton (D:2)
  5 rats (D:1)
  2 rat skeletons (D:2)
  A butterfly (D:5)
  A withered plant (D:2)
264 creatures vanquished.

Vanquished Creatures (others)
  A ball python (D:2)
  A fungus (D:5)
  3 plants (D:5)
  37 withered plants (D:2)
42 creatures vanquished.

Grand Total: 306 creatures vanquished

Notes
Turn   | Place    | Note
-------+----------+-------------------------------------------
     0 | D:1      | diana the Immature Draconian Demigod began the quest for
                  | the Orb.
     0 | D:1      | Reached XP level 1. HP: 18/18 MP: 3/3
   140 | D:1      | Reached skill level 2 in Fighting
   252 | D:1      | Reached XP level 2. HP: 20/26 MP: 4/4
   434 | D:1      | Reached skill level 3 in Fighting
   434 | D:1      | Reached XP level 3. HP: 34/34 MP: 5/5
   782 | D:2      | Found a hazy altar of Hepliaklqana.
   819 | D:2      | Found an ancient bone altar of Kikubaaqudgha.
   824 | D:2      | Noticed a bullfrog
   830 | D:2      | Reached XP level 4. HP: 41/44 MP: 6/6
   832 | D:2      | Reached skill level 4 in Fighting
   883 | D:2      | Reached XP level 5. HP: 47/51 MP: 7/7
   944 | D:2      | Reached skill level 5 in Fighting
  1198 | D:2      | Reached XP level 6. HP: 54/62 MP: 8/8
  1245 | D:2      | Found a glowing silver altar of Zin.
  1393 | D:2      | Reached skill level 6 in Fighting
  1789 | D:2      | Noticed Menkaure
  1796 | D:2      | Killed Menkaure
  1796 | D:2      | Reached skill level 7 in Fighting
  1869 | D:2      | Your scales start taking on an imposing gold colour.
  1869 | D:2      | Reached XP level 7. HP: 41/72 MP: 9/9
  1869 | D:2      | Gained mutation: Your imposing gold scales grant you
                  | resistance to fire, cold and poison. (rF+, rC+, rPois)
                  | [Golden Draconian growth]
  1869 | D:2      | Gained mutation: You are in touch with the powers of fire,
                  | ice and venom. [Golden Draconian growth]
  2098 | D:2      | Noticed Purgy
  2116 | D:2      | Killed Purgy
  2776 | D:3      | Reached skill level 8 in Fighting
  2817 | D:3      | Noticed Ijyb
  2828 | D:3      | Killed Ijyb
  2933 | D:3      | Reached XP level 8. HP: 81/84 MP: 11/11
  2946 | D:3      | Reached skill level 9 in Fighting
  2946 | D:3      | Reached skill level 5 in Dodging
  3229 | D:3      | Reached skill level 10 in Fighting
  3511 | D:4      | Found a staircase to the Ecumenical Temple.
  3588 | D:4      | Noticed Maggie
  3643 | D:4      | Killed Maggie
  3643 | D:4      | Reached skill level 11 in Fighting
  3643 | D:4      | Reached XP level 9. HP: 74/97 MP: 7/12
  4479 | D:5      | Entered Level 5 of the Dungeon
  4502 | D:5      | Reached skill level 12 in Fighting
  4507 | D:5      | Found a staircase to the Lair.
  4834 | D:5      | Noticed a troll
  5417 | D:5      | Noticed Prince Ribbit
  5554 | D:5      | Gained mutation: You are naturally skilled at Long Blades
                  | (Aptitude +3). [draconic bloodline]
  5554 | D:5      | Reached XP level 10. HP: 72/109 MP: 12/18
  5556 | D:5      | Killed Prince Ribbit
  5776 | D:5      | Reached skill level 13 in Fighting
  5836 | D:5      | Reached skill level 5 in Spellcasting
  7057 | D:6      | Noticed Erolcha
  7074 | Lair:1   | Entered Level 1 of the Lair of Beasts
  7189 | D:5      | Reached skill level 14 in Fighting
  7652 | D:6      | Noticed a rock worm
  7856 | Lair:1   | HP: 1/112 [elephant (11)]
  7901 | Lair:1   | HP: 1/112 [elephant (13)]
  7902 | Lair:1   | Slain by an elephant

Levels and vault maps discovered:
D:1:      matt_arrival_grand_opening, layout_loops_ring
D:2:      layout_sewer, kennysheep_mini_moat, overflow_temple_1_default,
          zin_statuary, first_ration, uniq_purgy, uniq_menkaure
D:3:      layout_rooms, guppyfry_early_orc_mine, uniq_ijyb
D:4:      layout_loops_corners, minmay_temple_entry_grid,
          hangedman_little_slice_of_home, kennysheep_generic_room_12,
          uniq_maggie
D:5:      layout_basic, dpeg_oklobed_lair, uniq_prince_ribbit1
D:6:      layout_basic, marbit_many_paths, bcadren_lemuel_inverted_doored_altar,
          orc_0_dummy, uniq_erolcha
Lair:1:   layout_hall_layers, grunt_megastairs_5, chequers_ossuary_entry_cave,
          serial_bayou_shore_b

Skill      XL: |  1  2  3  4  5  6  7  8  9 10 |
---------------+-------------------------------+-----
Fighting       | 2 3 4 5 7 8 11 12 14 | 14.2
Dodging        | 3 4 6 7 |  7.8
Fire Magic     | 2 |  2.4
Spellcasting   | 4 5 |  5.9
Stealth        | |  1.3
Unarmed Combat | |  1.7

Action                   |  1- 3 |  4- 6 |  7- 9 | 10-12 || total
-------------------------+-------+-------+-------+-------++-------
Melee: Unarmed           |    86 |   295 |  1127 |   799 ||  2307
       Tailslap          |     5 |    15 |   123 |   106 ||   249
 Abil: Breathe Fire      |       |       |     2 |       ||     2
       Breathe Noxious F |       |       |       |     7 ||     7
       Breathe Frost     |       |       |       |     1 ||     1
  Use: Potion            |       |       |       |     5 ||     5
       Scroll            |       |       |       |     1 ||     1
 Stab: Sleeping          |     3 |     2 |     5 |     4 ||    14
       Distracted        |     1 |       |       |     1 ||     2
       Confused          |       |       |       |    22 ||    22
  Eat: Chunk             |       |     3 |    12 |     9 ||    24
       Ration            |       |       |     1 |       ||     1
Armor: Skin              |     4 |    37 |    97 |    93 ||   231
Dodge: Dodged            |    14 |   101 |   275 |   186 ||   576
